 Dungeon Crawl Stone Soup version 0.31.0-11-ge490571c62 (webtiles) character file.

Game seed: 2273732075864712885

5245 Arctor the Thaumaturge (level 10, 0/50 HPs)
             Began as a Deep Elf Fire Elementalist on Feb 2, 2024.
             Was a Believer of Vehumet.
             Succumbed to Amaemon's poison
             ... on level 7 of the Dungeon.
             The game lasted 00:13:53 (11574 turns).

Arctor the Thaumaturge (DEFE)                      Turns: 11574, Time: 00:13:53

Health: 0/50       AC: 11    Str:  5    XL:     10   Next: 36%
Magic:  24/24      EV: 15    Int: 25    God:    Vehumet [**....]
Gold:   321        SH:  0    Dex: 15    Spells: 12/25 levels left

rFire   . . .        e - staff of conjuration
rCold   . . .        (no shield)
rNeg    . . .        a - +0 robe
rPois   .            i - +1 hat
rElec   .            E - scarf {harm}
rCorr   .            h - +0 pair of gloves
SInv    .            y - +2 pair of boots
Will    +....        (no amulet)
Stlth   ++++         r - +4 ring of protection
HPRegen 0.28/turn    (no ring)
MPRegen 0.19/turn

%: harm (+30% outgoing, +20% incoming)
@: mighty, lethally poisoned (0 -> -20), invisible
A: no striking features
a: Renounce Religion


You were on level 7 of the Dungeon.
You worshipped Vehumet.
Vehumet was pleased with you.
You visited 2 branches of the dungeon, and saw 9 of its levels.

You collected 321 gold pieces.

Inventory:

Hand Weapons
 u - the +9 sling "Xaoj" {freeze, rN++ Int-2}
   (You found it on level 4 of the Dungeon)

   Int-2:     It affects your intelligence (-2).
   rN++:      It greatly protects you from negative energy.
Missiles
 q - 4 throwing nets
Armour
 a - a +0 robe (worn)
 h - a +0 pair of gloves (worn)
 i - a +1 hat (worn)
 y - a +2 pair of boots (worn)
 E - a scarf of harm (worn)
 L - +0 acid dragon scales
Magical Staves
 e - a staff of conjuration (weapon)
 f - a staff of alchemy
Jewellery
 d - an amulet of magic regeneration
 r - a +4 ring of protection (left hand)
Wands
 m - a wand of acid (6)
 D - a wand of digging (6)
 I - a wand of roots (5)
 J - a wand of paralysis (10)
Scrolls
 g - 3 scrolls of teleportation
 j - 2 scrolls of blinking
 k - a scroll of fear
 v - a scroll of amnesia
 B - a scroll of torment
Potions
 b - 2 potions of magic
 t - a potion of attraction {unknown}
 z - a potion of haste {unknown}
 A - a potion of enlightenment {unknown}
 K - a potion of degeneration {unknown}


   Skills:
 - Level 3.4 Staves
 - Level 7.2 Dodging
 - Level 7.9 Stealth
 - Level 8.1 Spellcasting
 + Level 8.0 Conjurations
 - Level 6.9 Fire Magic
 * Level 6.2 Air Magic


You had 12 spell levels left.
You knew the following spells:

 Your Spells              Type           Power      Damage    Failure   Level
a - Foxfire               Conj/Fire      100%       2x1d9     1%          1
b - Scorch                Fire           90%        2d8       1%          2
c - Volatile Blastmotes   Fire/Tloc      54%        2d14      4%          3
d - Blink                 Tloc           20%        N/A       9%          2
e - Freezing Cloud        Conj/Ice/Air   25%        6-21      24%         5

Your spell library contained the following spells:

 Spells                   Type           Power      Damage    Failure   Level
 Kiss of Death            Conj/Necr      100%       2d13      1%          1
 Magic Dart               Conj           100%       1d8       1%          1
 Shock                    Conj/Air       100%       1d9       1%          1
 Momentum Strike          Conj/Tloc      90%        3d10      1%          2
 Static Discharge         Conj/Air       100%       3-8/arc   1%          2
 Swiftness                Air            41%        N/A       1%          3
 Mercury Vapours          Alch/Air       50%        N/A       2%          2
 Mephitic Cloud           Conj/Alch/Air  50%        N/A       2%          3
 Flame Wave               Conj/Fire      64%        2d15      2%          4
 Inner Flame              Hex/Fire       27%        N/A       4%          3
 Airstrike                Air            20%        2d(3-19)  4%          4
 Call Imp                 Summ           20%        N/A       9%          2
 Ensorcelled Hibernation  Hex/Ice        20%        N/A       9%          2
 Lesser Beckoning         Tloc           20%        N/A       9%          2
 Summon Lightning Spire   Summ/Air       25%        N/A       17%         4
 Fugue of the Fallen      Necr           10%        N/A       19%         3
 Anguish                  Hex/Necr       5%         N/A       52%         4


Dungeon Overview and Level Annotations

Branches:
Dungeon (8/15)             Temple (1/1) D:4            Lair (0/5) D:8

Altars:
Cheibriados
Dithmenos
Elyvilon
Fedhas
Gozag
Hepliaklqana
Kikubaaqudgha
Makhleb
Nemelex Xobeh
Okawaru
Qazlal
Ru
Sif Muna
Trog
Uskayaw
Vehumet
Wu Jian
Xom
Yredelemnul
Zin
The Shining One

Annotations:
D:4 2 transporters, peterlawrence's ghost, amateur MiFi
D:7 Amaemon
D:8 2 runed translucent doors, Gastronok; greynaab's ghost, novice MiHu


Message History

You feel sick. The water moccasin closely misses you.
Casting: Scorch (safe; 1% risk of failure)
Confirm with . or Enter, or press ? or * to list all spells.
Flames lash the water moccasin.
The water moccasin is burned terribly!
You kill the water moccasin!
Vehumet accepts your kill.
You feel your power returning.
You feel sick.
Casting: Scorch (safe; 1% risk of failure)
Confirm with . or Enter, or press ? or * to list all spells.
You can't see any susceptible monsters within range! (Use Z to cast anyway.)
You start resting.
You feel sick.
You are no longer poisoned.
You start resting.
Magic restored.
What level of the Lair of Beasts? (default 1, ? - help)
You climb downwards.
Level annotation: 2 runed translucent doors, Amaemon; Gastronok; greynaab's ghost, novice MiHu
There is a stone staircase leading up here.
Amaemon is nearby!
Unknown command.
Amaemon hits you with a +0 demon whip of venom!
You are lethally poisoned!
Amaemon completely misses you. Amaemon misses you.
You climb upwards.
You feel extremely sick.
There is a stone staircase leading down here.
Okay, then.
It was a potion of invisibility.
You fade into invisibility!
* * * LOW HITPOINT WARNING * * *
You feel very sick.
Amaemon hits you with a +0 demon whip of venom.
* * * LOW HITPOINT WARNING * * *
You are more poisoned.
Amaemon claws you.
* * * LOW HITPOINT WARNING * * *
Amaemon tail-slaps you but does no damage.
It was a potion of might.
You feel very mighty all of a sudden.
You die...

...# #.# ...# #.#
...# #####.# .#.#
#...#.# ##.# #.....#
#.# #...### ##§#
##.##
##.###############.#
...o..)).......6@†.#
#######.##.#########
# #.##.# # #.##.# #
#.##.# #######.##.#
.....##.##.#
####.##.##.# #
#.##.##.#


You could see Amaemon (unable to see you).

Vanquished Creatures
  An orange demon (D:8)
  A troll (D:6)
  Grinder (D:3)
  Prince Ribbit (D:4)
  4 yaks
  Grum (D:8)
  3 water moccasins
  An acid dragon (D:8)
  An ice beast (D:6)
  2 black bears (D:4)
  3 orc warriors (D:7)
  A sky beast (D:7)
  2 wolves (D:8)
  An ogre (D:6)
  3 centaurs
  2 phantoms
  2 kobold brigands
  Blork the orc (D:6)
  A gnoll sergeant (D:6)
  A scorpion (D:5)
  4 wights (D:7)
  10 killer bees
  2 bombardier beetles
  A jelly (D:8)
  2 orc priests
  3 hounds
  Jessica (D:3)
  5 iguanas
  Natasha (thrice) (D:3)
  7 orc wizards
  10 gnolls
  6 adders
  A shadow imp (D:7)
  2 ufetubi (D:5)
  2 dart slugs
  2 ribbon worms
  39 orcs
  5 bats
  6 endoplasms
  6 giant cockroaches
  13 goblins
  6 hobgoblins
  3 quokkas
  6 ball pythons
  3 frilled lizards
  20 kobolds
  5 rats
206 creatures vanquished.

Vanquished Creatures (collateral kills)
  2 foxfires (D:1)
2 creatures vanquished.

Vanquished Creatures (others)
  960 foxfires
960 creatures vanquished.

Grand Total: 1168 creatures vanquished

Notes
Turn   | Place    | Note
-------+----------+-------------------------------------------
     0 | D:1      | Arctor the Deep Elf Fire Elementalist began the quest for
                  | the Orb.
     0 | D:1      | Reached XP level 1. HP: 10/10 MP: 6/6
   231 | D:1      | Reached XP level 2. HP: 15/15 MP: 5/8
   448 | D:1      | Found a faded altar of an unknown god.
   644 | D:1      | Learned a level 2 spell: Scorch
   722 | D:1      | Reached XP level 3. HP: 19/19 MP: 4/9
  2589 | D:2      | Reached XP level 4. HP: 16/24 MP: 4/11
  3267 | D:3      | Noticed Jessica
  3272 | D:3      | Killed Jessica
  3273 | D:3      | Reached XP level 5. HP: 25/28 MP: 9/13
  3415 | D:3      | Noticed Natasha
  3421 | D:3      | Killed Natasha
  3611 | D:3      | Found a snail-covered altar of Cheibriados.
  3783 | D:3      | Noticed Grinder
  3799 | D:3      | Killed Grinder
  3800 | D:3      | Reached skill level 5 in Spellcasting
  3800 | D:3      | Reached XP level 6. HP: 13/32 MP: 4/15
  3939 | D:3      | Found a hide-covered altar of Uskayaw.
  3940 | D:3      | Found an ancient bone altar of Kikubaaqudgha.
  4021 | D:3      | Noticed Natasha
  4029 | D:3      | Killed Natasha
  4156 | D:3      | Noticed Natasha
  4159 | D:3      | Killed Natasha
  4323 | D:3      | Found an iron altar of Okawaru.
  4524 | D:4      | Reached skill level 5 in Stealth
  4524 | D:4      | Reached XP level 7. HP: 36/36 MP: 12/16
  4564 | D:4      | Found a transporter.
  4579 | D:4      | Identified the +9 sling "Xaoj" {freeze, rN++ Int-2}
  4579 | D:4      | Noticed peterlawrence's ghost (amateur MiFi)
  4635 | D:4      | Found a staircase to the Ecumenical Temple.
  4993 | D:4      | Reached skill level 5 in Fire Magic
  5171 | D:4      | Found a transporter.
  5204 | D:4      | Found a shadowy altar of Dithmenos.
  5233 | D:4      | Reached skill level 5 in Dodging
  5895 | D:4      | Learned a level 3 spell: Volatile Blastmotes
  5898 | D:4      | Learned a level 2 spell: Blink
  5929 | D:5      | Entered Level 5 of the Dungeon
  6124 | D:5      | Noticed Prince Ribbit
  6347 | D:4      | Killed Prince Ribbit
  6348 | D:4      | Reached XP level 8. HP: 26/41 MP: 7/19
  6715 | D:5      | Reached skill level 5 in Conjurations
  6828 | D:5      | Reached skill level 1 in Staves
  7943 | Temple   | Entered the Ecumenical Temple
  7953 | Temple   | Became a worshipper of Vehumet
  8398 | D:6      | Found a shimmering blue altar of Sif Muna.
  8485 | D:6      | Found a shimmering altar of Xom.
  8666 | D:6      | Noticed Blork the orc
  8671 | D:6      | Killed Blork the orc
  8672 | D:6      | Reached XP level 9. HP: 30/45 MP: 10/22
  8807 | D:6      | Noticed a troll
  8810 | D:6      | Killed a troll
  9907 | D:7      | Reached * piety under Vehumet
  9907 | D:7      | Offered knowledge of Sandblast by Vehumet.
 10152 | D:7      | Learned a level 5 spell: Freezing Cloud
 10267 | D:7      | Found a hazy altar of Hepliaklqana.
 10423 | D:7      | Reached skill level 1 in Air Magic
 10827 | D:8      | Found a large runed translucent door.
 10833 | D:8      | Noticed greynaab's ghost (novice MiHu)
 10868 | D:8      | Reached XP level 10. HP: 50/50 MP: 20/24
 10933 | D:8      | Found a large runed translucent door.
 10997 | D:8      | Reached skill level 5 in Air Magic
 11062 | D:8      | Found a staircase to the Lair.
 11122 | D:8      | Noticed Grum
 11132 | D:8      | Killed Grum
 11132 | D:8      | Offered knowledge of Kiss of Death by Vehumet.
 11312 | D:8      | Reached ** piety under Vehumet
 11484 | D:8      | Noticed an orange demon
 11494 | D:8      | Killed an orange demon
 11496 | D:8      | Noticed Gastronok
 11497 | D:8      | Noticed Amaemon
 11574 | D:7      | Succumbed to Amaemon's poison

Illustrated notes

Levels and vault maps discovered:
D:1:      giann_bridges, layout_basic, chequers_ecumenical_altar_simple,
          nicolae_grassy_gnolls
D:2:      layout_loops_corners
D:3:      layout_basic, chei_slow_surprise, okawaru_altar_gauntlet_db,
          grunt_temple_overflow_open, kennysheep_another_room, uniq_grinder,
          uniq_jessica, uniq_natasha
D:4:      layout_cave_pods, nicolae_dithmenos_shadow_blocks, temple_pool_b,
          gammafunk_ghost_mausoleum
D:5:      layout_basic, uniq_prince_ribbit1
D:6:      layout_loops_corners, mainiacjoe_overflow_six_doors_small,
          mainiacjoe_overflow_catwalk, uniq_blork_the_orc
D:7:      layout_loops_ring, worldfamousw_hep_ancestral_shrine, enter_bailey_3
D:8:      cheibrodos_two_vegetables, layout_gridville,
          nicolae_ashenzari_panopticon, lair_entry_dummy,
          ebering_ghost_disaster_area, uniq_grum, uniq_amaemon, uniq_gastronok
Temple:   nicolae_temple_god_jail

Skill      XL: |  1  2  3  4  5  6  7  8  9 10 |
---------------+-------------------------------+-----
Stealth        | 3 4 5 6 7 |  7.9
Dodging        | 3 4 5 6 7 |  7.2
Conjurations   | 2 3 4 5 7 8 |  8.0
Spellcasting   | 4 5 6 7 8 |  8.1
Fire Magic     | 4 5 6 |  6.9
Staves         | 2 3 |  3.4
Air Magic      | 4 6 |  6.2

Action                     |  1- 3 |  4- 6 |  7- 9 | 10-12 || total
---------------------------+-------+-------+-------+-------++-------
  Melee: Unarmed           |     1 |       |       |       ||     1
         Staff             |    38 |    10 |    83 |       ||   131
         Punch             |     1 |       |     1 |       ||     2
   Cast: Foxfire           |   149 |    96 |   300 |    76 ||   621
         Scorch            |     8 |    19 |   122 |    12 ||   161
    Use: Scroll            |       |       |    11 |       ||    11
         Potion            |       |       |     3 |     2 ||     5
 Armour: Robe              |    53 |    23 |   141 |    27 ||   244
  Dodge: Dodged            |    55 |    17 |   188 |    19 ||   279
